3L
PANAMA CITY PIRANHAS @ KINGSTON TOWNSHIP KNIGHTS
05/07/2047
 
TOP OF THE 1ST
Panama City Piranhas batting - Pitching for Kingston Township Knights : RHP Mark Wells
Pitching: RHP Mark Wells
Batting: RHB Koryusai Maejima 0-0: Ground out 6-3 (Groundball, 6S, EV 69.4 MPH)
Batting: LHB Amani Marwan 0-0: Called Strike
0-1: Ball
1-1: Ball
2-1: Fly out, F8 (Flyball, 8RD, EV 95.6 MPH)
Batting: RHB Tikaroa Hakapuna 0-0: Ball
1-0: Called Strike
1-1: Foul Ball, location: 2F
1-2: Ball
2-2: Ball
3-2: Ground out 5-3 (Groundball, 56S, EV 79.4 MPH)
Top of the 1st over - 0 runs, 0 hits, 0 errors, 0 left on base; Panama City 0 - Kingston Township 0
BOTTOM OF THE 1ST
Kingston Township Knights batting - Pitching for Panama City Piranhas : RHP Vicente Molina
Pitching: RHP Vicente Molina
Batting: LHB Ánibal Lima 0-0: Foul Ball, location: 2F
0-1: Called Strike
0-2: Strikes out swinging, 2-3 out at first.
Batting: LHB Jason Longoria 0-0: Ball
1-0: Called Strike
1-1: Foul Ball, location: 2F
1-2: Ball
2-2: Strikes out swinging
Batting: RHB Dong-soo Yi 0-0: Ball
1-0: SINGLE (Groundball, 56D, EV 106.9 MPH)
Batting: RHB Steve Miller 0-0: Ball
1-0: Ball
2-0: Called Strike
2-1: Called Strike
2-2: Foul Ball, location: 2F
2-2: Strikes out swinging
Bottom of the 1st over - 0 runs, 1 hit, 0 errors, 1 left on base; Panama City 0 - Kingston Township 0
TOP OF THE 2ND
Panama City Piranhas batting - Pitching for Kingston Township Knights : RHP Mark Wells
Batting: RHB William Penn 0-0: Ball
1-0: Ball
2-0: Called Strike
2-1: Ball
3-1: Foul Ball, location: 2F
3-2: Foul Ball, location: 2F
3-2: Foul Ball, location: 2F
3-2: Fly out, F5 (Popup, 15, EV 73.8 MPH)
Batting: RHB Colton Pennington 0-0: Foul Ball, location: 2F
0-1: Fly out, F8 (Flyball, 8LD, EV 109.4 MPH)
Batting: RHB Anthony Hollis 0-0: Ball
1-0: Called Strike
1-1: Foul Ball, location: 2F
1-2: SINGLE (Line Drive, 78S, EV 100.0 MPH)
Batting: RHB Jesús Bonilla 0-0: Foul Ball, location: 2F
0-1: Swinging Strike
0-2: Ball
1-2: Strikes out swinging
Top of the 2nd over - 0 runs, 1 hit, 0 errors, 1 left on base; Panama City 0 - Kingston Township 0
BOTTOM OF THE 2ND
Kingston Township Knights batting - Pitching for Panama City Piranhas : RHP Vicente Molina
Batting: RHB Vinnie Nuyten 0-0: Called Strike
0-1: Ball
1-1: Called Strike
1-2: Strikes out looking
Batting: LHB Charlie Moore 0-0: Called Strike
0-1: Ball
1-1: Ball
2-1: Called Strike
2-2: Foul Ball, location: 2F
2-2: Foul Ball, location: 2F
2-2: Foul Ball, location: 2F
2-2: DOUBLE (Groundball, 5L, EV 103.8 MPH)
Batting: SHB Kenny Dixon 0-0: Foul Ball, location: 2F
0-1: Swinging Strike
0-2: Ball
1-2: Foul Ball, location: 2F
1-2: Strikes out swinging
Batting: RHB Tom Rowland 0-0: Ball
1-0: Ball
2-0: Foul Ball, location: 2F
2-1: Fly out, F9 (Flyball, 9LM, EV 88.8 MPH)
Bottom of the 2nd over - 0 runs, 1 hit, 0 errors, 1 left on base; Panama City 0 - Kingston Township 0
TOP OF THE 3RD
Panama City Piranhas batting - Pitching for Kingston Township Knights : RHP Mark Wells
Pitching: LHP Yushua Wazir
Batting: LHB Ramón Torres 0-0: Called Strike
0-1: Ball
1-1: Called Strike
1-2: Ball
2-2: Fly out, F8 (Line Drive, 8LM, EV 91.9 MPH)
Batting: RHB Ivano Pohvisnev 0-0: Swinging Strike
0-1: SINGLE (Groundball, 56D, EV 103.1 MPH)
Batting: RHB Koryusai Maejima 0-0: Called Strike
0-1: Ball
1-1: Foul Ball, location: 2F
1-2: SINGLE (Groundball, 6MD, EV 97.5 MPH)
Ivano Pohvisnev to second
Runner from 2nd tries for 3rd, SAFE, no throw by CF
Batting: LHB Amani Marwan 0-0: Ball
1-0: Foul Ball, location: 2F
1-1: Foul Ball, location: 2F
1-2: Strikes out swinging
Batting: RHB Tikaroa Hakapuna 0-0: Ball
1-0: Called Strike
1-1: Ball
2-1: Foul Ball, location: 2F
2-2: DOUBLE (Groundball, 5L, EV 100.6 MPH)
Ivano Pohvisnev scores
Koryusai Maejima to third
Runner from 3rd tries for Home, SAFE, throw by LF to trailing runner, SAFE at third!
Batting: RHB William Penn 0-0: Ball
1-0: Called Strike
1-1: Called Strike
1-2: Ball
2-2: Ground out 6-3 (Groundball, 6MS, EV 83.1 MPH)
Top of the 3rd over - 2 runs, 3 hits, 0 errors, 1 left on base; Panama City 2 - Kingston Township 0
BOTTOM OF THE 3RD
Kingston Township Knights batting - Pitching for Panama City Piranhas : RHP Vicente Molina
Batting: RHB Quan Easterling 0-0: Called Strike
0-1: Foul Ball, location: 2F
0-2: Foul Ball, location: 2F
0-2: Ball
1-2: Ball
2-2: Foul Ball, location: 2F
2-2: Ball
3-2: Strikes out swinging
Batting: LHB Ánibal Lima 0-0: Ball
1-0: Ball
2-0: Ball
3-0: Called Strike
3-1: Base on Balls
Batting: LHB Jason Longoria 0-0: Called Strike
0-1: Ball
Ánibal Lima steals 2nd base
1-1: Swinging Strike
1-2: Foul Ball, location: 2F
1-2: Ball
2-2: Fly out, F8 (Flyball, 8LD, EV 88.1 MPH)
Runner from 2nd tags up, SAFE at 3rd with throw by CF
Batting: RHB Dong-soo Yi 0-0: Ball
1-0: Called Strike
1-1: Swinging Strike
1-2: Strikes out swinging, 2-3 out at first.
Bottom of the 3rd over - 0 runs, 0 hits, 0 errors, 1 left on base; Panama City 2 - Kingston Township 0
TOP OF THE 4TH
Panama City Piranhas batting - Pitching for Kingston Township Knights : LHP Yushua Wazir
Batting: RHB Colton Pennington 0-0: Ball
1-0: Ball
2-0: Foul Ball, location: 2F
2-1: Ground out 2-3 (Groundball, 2R, EV 69.4 MPH)
Batting: RHB Anthony Hollis 0-0: Called Strike
0-1: Ball
1-1: Ball
2-1: Ball
3-1: Ground out 6-3 (Groundball, 6, EV 102.5 MPH)
Batting: RHB Jesús Bonilla 0-0: Ball
1-0: Fly out, F8 (Flyball, 89S, EV 81.9 MPH)
Top of the 4th over - 0 runs, 0 hits, 0 errors, 0 left on base; Panama City 2 - Kingston Township 0
BOTTOM OF THE 4TH
Kingston Township Knights batting - Pitching for Panama City Piranhas : RHP Vicente Molina
Batting: RHB Steve Miller 0-0: Ball
1-0: Called Strike
1-1: Called Strike
1-2: Foul Ball, location: 2F
1-2: Foul Ball, location: 2F
1-2: Foul Ball, location: 2F
1-2: Ball
2-2: Ground out 6-3 (Groundball, 6, EV 86.2 MPH)
Batting: RHB Vinnie Nuyten 0-0: Called Strike
0-1: Swinging Strike
0-2: Ball
1-2: Ball
2-2: Ball
3-2: Fly out, F4 (Popup, 4D, EV 48.8 MPH)
Batting: LHB Charlie Moore 0-0: Ball
1-0: Called Strike
1-1: Ball
2-1: Ball
3-1: Swinging Strike
3-2: Foul Ball, location: 2F
3-2: Strikes out looking
Bottom of the 4th over - 0 runs, 0 hits, 0 errors, 0 left on base; Panama City 2 - Kingston Township 0
TOP OF THE 5TH
Panama City Piranhas batting - Pitching for Kingston Township Knights : LHP Yushua Wazir
Batting: LHB Ramón Torres 0-0: Foul Ball, location: 2F
0-1: Foul Ball, location: 2F
0-2: Ground out 5-3 (Groundball, 56, EV 83.8 MPH)
Batting: RHB Ivano Pohvisnev 0-0: Ball
1-0: Foul Ball, location: 2F
1-1: Ball
2-1: Ball
3-1: Base on Balls
Batting: RHB Koryusai Maejima 0-0: Ball
1-0: Ball
2-0: Grounds into double play, 6-4-3 (Groundball, 6S, EV 87.5 MPH)
Top of the 5th over - 0 runs, 0 hits, 0 errors, 0 left on base; Panama City 2 - Kingston Township 0
BOTTOM OF THE 5TH
Kingston Township Knights batting - Pitching for Panama City Piranhas : RHP Vicente Molina
Batting: SHB Kenny Dixon 0-0: Foul Ball, location: 2F
0-1: Ball
1-1: Foul Ball, location: 2F
1-2: Foul Ball, location: 2F
1-2: Ball
2-2: Strikes out swinging
Batting: RHB Tom Rowland 0-0: Swinging Strike
0-1: Foul Ball, location: 2F
0-2: Ball
1-2: SINGLE (Line Drive, 9S, EV 93.8 MPH)
Batting: RHB Quan Easterling 0-0: SINGLE (Groundball, 6MS, EV 69.4 MPH) (infield hit)
Tom Rowland to second
Batting: LHB Ánibal Lima 0-0: Ball
1-0: SINGLE (Groundball, 34D, EV 103.8 MPH)
Tom Rowland to third
Quan Easterling to second
Runner from 3rd tries for Home, SAFE, throw by RF to home
Batting: LHB Jason Longoria 0-0: Ball
1-0: Foul Ball, location: 2F
1-1: Swinging Strike
1-2: Foul Ball, location: 2F
1-2: Ball
2-2: Ball
3-2: Base on Balls
Quan Easterling to third
Ánibal Lima to second
Pitching: RHP Eric Colquhoun
Batting: RHB Dong-soo Yi 0-0: Ball
1-0: DOUBLE (Flyball, 89D, EV 108.8 MPH)
Quan Easterling scores
Ánibal Lima scores
Jason Longoria to third
Runner from 3rd tries for Home, SAFE, no throw by RF
Batting: RHB Steve Miller 0-0: Swinging Strike
0-1: Foul Ball, location: 2F
0-2: Ball
1-2: Strikes out looking
Batting: RHB Vinnie Nuyten 0-0: DOUBLE (Flyball, 89XD, EV 102.5 MPH)
Dong-soo Yi scores
Batting: LHB Charlie Moore 0-0: Swinging Strike
0-1: Ball
1-1: SINGLE (Groundball, 6MS, EV 66.2 MPH) (infield hit)
Vinnie Nuyten to third
Pinch Runner at 1st Maikel Nelis:
Batting: SHB Kenny Dixon 0-0: Fly out, F7 (Flyball, 7LM, EV 71.2 MPH)
Bottom of the 5th over - 5 runs, 6 hits, 0 errors, 2 left on base; Panama City 2 - Kingston Township 5
TOP OF THE 6TH
Panama City Piranhas batting - Pitching for Kingston Township Knights : LHP Yushua Wazir
Now in CF: Maikel Nelis
Batting: LHB Amani Marwan 0-0: Called Strike
0-1: Swinging Strike
0-2: Ball
1-2: Foul Ball, location: 2F
1-2: Ground out U3 (Groundball, 3, EV 79.4 MPH)
Batting: RHB Tikaroa Hakapuna 0-0: Ball
1-0: Ball
2-0: Fly out, F7 (Line Drive, 7, EV 103.1 MPH)
Batting: RHB William Penn 0-0: Called Strike
0-1: Swinging Strike
0-2: Ground out 6-3 (Groundball, 6, EV 81.9 MPH)
Top of the 6th over - 0 runs, 0 hits, 0 errors, 0 left on base; Panama City 2 - Kingston Township 5
BOTTOM OF THE 6TH
Kingston Township Knights batting - Pitching for Panama City Piranhas : RHP Eric Colquhoun
Batting: RHB Tom Rowland 0-0: Called Strike
0-1: Ball
1-1: Called Strike
1-2: Ball
2-2: Ball
3-2: Base on Balls
Batting: RHB Quan Easterling 0-0: Ball
1-0: Ball
2-0: Ball
3-0: SINGLE (Line Drive, 89S, EV 98.1 MPH)
Tom Rowland to second
Batting: LHB Ánibal Lima 0-0: Sac Bunt to 13 - play at first, batter OUT! 1-3
Tom Rowland to third
Quan Easterling to second
Batting: LHB Jason Longoria 0-0: Called Strike
0-1: Foul Ball, location: 2F
0-2: Ground out 4-3 (Groundball, 4, EV 86.9 MPH)
Tom Rowland scores
Quan Easterling to third
Batting: RHB Dong-soo Yi 0-0: Foul Ball, location: 2F
0-1: Foul Ball, location: 2F
0-2: Strikes out looking
Bottom of the 6th over - 1 run, 1 hit, 0 errors, 1 left on base; Panama City 2 - Kingston Township 6
TOP OF THE 7TH
Panama City Piranhas batting - Pitching for Kingston Township Knights : LHP Yushua Wazir
Batting: RHB Colton Pennington 0-0: SOLO HOME RUN (Flyball, 78XD, EV 118.1 MPH), Distance : 492 ft
Batting: RHB Anthony Hollis 0-0: Called Strike
0-1: Ball
1-1: Ball
2-1: Foul Ball, location: 2F
2-2: Foul Ball, location: 2F
2-2: Fly out, F8 (Flyball, 8RXD, EV 93.1 MPH)
Batting: RHB Jesús Bonilla 0-0: Ball
1-0: Called Strike
1-1: Ball
2-1: Ball
3-1: Ground out 1-3 (Groundball, 13S, EV 70.0 MPH)
Batting: LHB Ramón Torres 0-0: Ground out 4-3 (Groundball, 34D, EV 106.9 MPH)
Top of the 7th over - 1 run, 1 hit, 0 errors, 0 left on base; Panama City 3 - Kingston Township 6
BOTTOM OF THE 7TH
Kingston Township Knights batting - Pitching for Panama City Piranhas : RHP Eric Colquhoun
Batting: RHB Steve Miller 0-0: Ball
1-0: Called Strike
1-1: Called Strike
1-2: Ball
2-2: Strikes out swinging
Batting: RHB Vinnie Nuyten 0-0: Swinging Strike
0-1: Called Strike
0-2: Ball
1-2: Foul Ball, location: 2F
1-2: Foul Ball, location: 2F
1-2: Ground out 6-3 (Groundball, 6, EV 107.5 MPH)
Batting: LHB Maikel Nelis 0-0: Ball
1-0: Ground out 3-1 (Groundball, 34, EV 80.6 MPH)
Bottom of the 7th over - 0 runs, 0 hits, 0 errors, 0 left on base; Panama City 3 - Kingston Township 6
TOP OF THE 8TH
Panama City Piranhas batting - Pitching for Kingston Township Knights : LHP Yushua Wazir
Pitching: RHP Tony Rodríguez
Batting: RHB Ivano Pohvisnev 0-0: Foul Ball, location: 2F
0-1: Ball
1-1: Ball
2-1: Foul Ball, location: 2F
2-2: Strikes out looking
Batting: RHB Koryusai Maejima 0-0: Called Strike
0-1: Ball
1-1: Foul Ball, location: 2F
1-2: Foul Ball, location: 2F
1-2: DOUBLE (Line Drive, 8RXD, EV 100.6 MPH) - OUT at third base trying to stretch hit.
Batting: LHB Amani Marwan 0-0: Ball
1-0: Called Strike
1-1: Ground out 5-3 (Groundball, 56S, EV 78.8 MPH)
Top of the 8th over - 0 runs, 1 hit, 0 errors, 0 left on base; Panama City 3 - Kingston Township 6
BOTTOM OF THE 8TH
Kingston Township Knights batting - Pitching for Panama City Piranhas : RHP Eric Colquhoun
Pitching: LHP Gunner Cross
Batting: SHB Kenny Dixon 0-0: Ball
1-0: Called Strike
1-1: Ball
2-1: DOUBLE (Flyball, 8RXD, EV 96.2 MPH)
Batting: RHB Tom Rowland 0-0: Swinging Strike
0-1: Ball
1-1: Ball
2-1: Called Strike
2-2: Foul Ball, location: 2F
2-2: Fly out, F4 (Popup, 23, EV 88.1 MPH)
Batting: RHB Quan Easterling 0-0: Ball
1-0: Foul Ball, location: 2F
1-1: Fly out, F8 (Flyball, 8RD, EV 95.0 MPH)
Runner from 2nd tags up, SAFE at 3rd with throw by CF
Batting: LHB Ánibal Lima 0-0: Foul Ball, location: 2F
0-1: Ball
1-1: Ball
2-1: Swinging Strike
2-2: Strikes out swinging
Bottom of the 8th over - 0 runs, 1 hit, 0 errors, 1 left on base; Panama City 3 - Kingston Township 6
TOP OF THE 9TH
Panama City Piranhas batting - Pitching for Kingston Township Knights : RHP Tony Rodríguez
Batting: RHB Tikaroa Hakapuna 0-0: Ball
1-0: Ball
2-0: Ball
3-0: Called Strike
3-1: Base on Balls
Pinch Hitting: LHB Puck Broekhuizen 0-0: Ball
1-0: Called Strike
1-1: Foul Ball, location: 2F
1-2: Strikes out swinging
Batting: RHB Colton Pennington 0-0: Ball
1-0: Called Strike
1-1: Ball
2-1: Called Strike
2-2: Foul Ball, location: 2F
2-2: Foul Ball, location: 2F
2-2: Fly out, F7 (Flyball, 7S, EV 89.4 MPH)
Batting: RHB Anthony Hollis 0-0: Called Strike
0-1: Called Strike
0-2: 2-RUN HOME RUN (Flyball, 7D, EV 109.4 MPH), Distance : 418 ft
Batting: RHB Jesús Bonilla 0-0: Called Strike
0-1: Swinging Strike
0-2: Ground out 1-3 (Groundball, 13S, EV 66.9 MPH)
Top of the 9th over - 2 runs, 1 hit, 0 errors, 0 left on base; Panama City 5 - Kingston Township 6
Wednesday, July 27th , 2022 - OOTP Baseball 22.12 Build 89